 Dungeon Crawl Stone Soup version 0.29.1-15-g9cfb28693d (webtiles) character file.

Game seed: 518664715990885848

322 Wiggles the Chopper (level 6, -3/76 HPs)
             Began as a Minotaur Berserker on Mar 28, 2023.
             Was a Believer of Trog.
             Killed by divine providence
             ... invoked by an orc priest
              (10 damage)
             ... on level 3 of the Dungeon.
             The game lasted 00:03:45 (2349 turns).

Wiggles the Chopper (Minotaur Berserker)            Turns: 2349, Time: 00:03:46

Health: -3/76      AC:  8    Str: 29    XL:     6   Next: 22%
Magic:  5/5        EV:  9    Int:  4    God:    Trog [**....]
Gold:   143        SH:  0    Dex: 10    Spells: 5/5 levels left

rFire   . . .      SeeInvis .   a - +0 hand axe
rCold   . . .      Faith    .   (no shield)
rNeg    . . .      Spirit   .   j - +0 chain mail
rPois   .          Reflect  .   (helmet restricted)
rElec   .          Harm     .   (no cloak)
rCorr   .          Rampage  .   (no gloves)
Will    .....                   (no boots)
Stlth   ..........              (no amulet)
HPRegen 0.22/turn               h - ring of flight
MPRegen 0.09/turn               k - +6 ring of strength

@: berserking (expiring), flying, very quick
A: horns 2, retaliatory headbutt
a: Renounce Religion, Berserk, Trog's Hand


You were on level 3 of the Dungeon.
You worshipped Trog.
Trog was pleased with you.
You visited 1 branch of the dungeon, and saw 3 of its levels.

You collected 143 gold pieces.

Inventory:

Hand Weapons
 a - a +0 hand axe (weapon)
Missiles
 d - 5 poisoned darts (quivered)
Armour
 j - a +0 chain mail (worn)
Jewellery
 h - a ring of flight (left hand)
 k - a +6 ring of strength (right hand)
Wands
 b - a wand of digging (5)
Scrolls
 c - a scroll of fear {unknown}
 f - a scroll of immolation {unknown}
 g - 3 scrolls of enchant weapon {unknown}
 i - a scroll of noise {unknown}
 l - a scroll of torment {unknown}
 n - 3 scrolls of teleportation {unknown}
Potions
 e - a potion of mutation {unknown}
 m - a potion of curing {unknown}


   Skills:
 - Level 3.6 Fighting
 + Level 7.4 Axes
 + Level 2.7 Throwing
 - Level 2.4 Armour
 - Level 2.1 Dodging
 + Level 1.0 Stealth


You had 5 spell levels left.
You didn't know any spells.
Your spell library was empty.

Dungeon Overview and Level Annotations

Branches:
Dungeon (3/15)

Altars:
Hepliaklqana


Innate Abilities, Weirdness & Mutations

You have a pair of horns on your head.
You reflexively headbutt those who attack you in melee.


Message History

You headbutt the orc!
You kill the orc!
Trog accepts your kill. Natasha claws you.
* * * LOW HITPOINT WARNING * * *
You hit Natasha.
Natasha is almost dead.
You hit the bat. The bat hits you but does no damage.
An orc comes into view. It is wielding a +0 whip.
Natasha claws you but does no damage.
A red film seems to cover your vision as you go berserk!
You feel yourself moving faster!
You feel mighty!
The orc shouts!
The jackal closely misses you. Natasha closely misses you.
You furiously retaliate!
You headbutt Natasha!
You kill Natasha!
Trog accepts your kill.
Trog appreciates your killing of a magic user.
You feel Natasha's spirit has finally been put to rest.
Found a stone staircase leading down.
You feel a strong urge to attack something.
The bat hits you but does no damage.
The orc priest mumbles some strange prayers to Beogh against you.
Beogh smites you!
* * * LOW HITPOINT WARNING * * *
You closely miss the bat. Your headbutt misses the bat.
The bat is moderately wounded.
You barely miss the orc priest. You hit the jackal. x2
You kill the jackal!
Trog accepts your kill. The bat hits you but does no damage.
The bat barely misses you.
You slash the bat!
You kill the bat!
Trog accepts your kill.
You miss the jackal. You closely miss the orc priest.
The orc priest hits you with a +0 flail!
* * * LOW HITPOINT WARNING * * *
The orc priest invokes the aid of Beogh against you.
Beogh smites you!
You die...

#..#### #. .####...## ..
..# # #...........# ..
#.#..###..###.#
.$#..###.# #.### #
$.......# #...####. ###.
#......######......
.....#..#......##.......
###....o#...†.....#.....
#......@h†###...#####.#.
#.#...o#)## ###..# .#
.>.....hh.# #...# #
........o..# ###..<
.......o....# ....
............# #.#..
............# ..##
.............


You could see an orc priest, 2 orcs and 2 jackals.

Vanquished Creatures
  Sigmund (D:2)
  Natasha (thrice) (D:3)
  Robin (D:3)
  An adder (D:2)
  A dart slug (D:2)
  An orc (D:3)
  3 endoplasms (D:1)
  A giant cockroach (D:1)
  10 goblins
  10 hobgoblins
  4 jackals
  3 quokkas (D:1)
  3 ball pythons
  4 bats
  3 frilled lizards (D:1)
  5 kobolds (D:1)
  4 rats
58 creatures vanquished.

Vanquished Creatures (others)
  A fungus (D:2)
1 creature vanquished.

Grand Total: 59 creatures vanquished

Notes
Turn   | Place    | Note
-------+----------+-------------------------------------------
     0 | D:1      | Wiggles the Minotaur Berserker began the quest for the Orb.
     0 | D:1      | Reached XP level 1. HP: 19/19 MP: 0/0
   108 | D:1      | Reached skill level 4 in Axes
   278 | D:1      | Reached XP level 2. HP: 26/26 MP: 1/1
  1076 | D:1      | Reached ** piety under Trog
  1096 | D:1      | Reached skill level 5 in Axes
  1134 | D:1      | Reached XP level 3. HP: 31/31 MP: 2/2
  1438 | D:2      | Noticed Sigmund
  1471 | D:2      | Killed Sigmund
  1472 | D:2      | Reached skill level 6 in Axes
  1472 | D:2      | Reached XP level 4. HP: 38/39 MP: 3/3
  1472 | D:2      | Reached XP level 5. HP: 44/45 MP: 4/4
  2031 | D:2      | Found a faded altar of an unknown god.
  2093 | D:3      | Noticed Natasha
  2106 | D:3      | Killed Natasha
  2107 | D:3      | Reached skill level 7 in Axes
  2194 | D:3      | Noticed Robin
  2204 | D:3      | Killed Robin
  2222 | D:3      | Reached XP level 6. HP: 45/51 MP: 5/5
  2272 | D:3      | Found a hazy altar of Hepliaklqana.
  2297 | D:3      | Noticed Natasha
  2303 | D:3      | Killed Natasha
  2304 | D:3      | Reached skill level 1 in Stealth
  2331 | D:3      | Noticed Natasha
  2345 | D:3      | Killed Natasha
  2349 | D:3      | Killed from afar by an orc priest

Illustrated notes

Levels and vault maps discovered:
D:1:      minmay_arrival_jagged, layout_loops_ring,
          chequers_serial_rivers_micro_b, kennysheep_small_spiral, hex_tiny
D:2:      layout_rooms, shapermc_ecumenical_altar_hornbeckon,
          serial_corexii_hall, corexii_hall_statues_l,
          chequers_hall_statues_wall_a, corexii_hall_statues_u,
          chequers_hall_statues_y, chequers_hall_statues_y,
          corexii_hall_statues_l, dk_noncrumbling_4, uniq_sigmund
D:3:      layout_rooms, nzn_wu_jian_council_hall, overflow_temple_1_default,
          uniq_natasha, uniq_jessica, uniq_robin, uniq_grinder

Skill      XL: |  1  2  3  4  5  6 |
---------------+-------------------+-----
Axes           | 4 5 6 7 |  7.4
Throwing       | 2 |  2.7
Stealth        | 1 |  1.0
Fighting       | |  3.6
Armour         | |  2.4
Dodging        | |  2.1

Action                   |  1- 3 |  4- 6 || total
-------------------------+-------+-------++-------
Melee: Hand axe          |    62 |    52 ||   114
       Headbutt          |     7 |     6 ||    13
Throw: Dart              |    18 |     5 ||    23
Invok: Berserk           |     1 |     2 ||     3
 Stab: Sleeping          |     1 |       ||     1
Armor: Chain mail        |    14 |    28 ||    42
       Animal skin       |     3 |       ||     3
Dodge: Dodged            |    27 |    26 ||    53
